 Dungeon Crawl Stone Soup version 0.31.0-11-ge490571c62 (webtiles) character file.

Game seed: 11858681705266478748

710 qw the Skirmisher (level 7, -8/40 HPs)
             Began as a Deep Elf Hunter on Feb 3, 2024.
             Was a Follower of Okawaru.
             Killed by divine providence
             ... invoked by an orc priest
              (17 damage)
             ... on level 5 of the Dungeon.
             The game lasted 00:01:39 (4052 turns).

qw the Skirmisher (Deep Elf Hunter)                 Turns: 4052, Time: 00:01:40

Health: -8/40      AC:  5    Str: 10    XL:     7   Next: 40%
Magic:  11/11      EV: 14    Int: 14    God:    Okawaru [*.....]
Gold:   241        SH:  5    Dex: 18    Spells: 6/6 levels left

rFire   . . .        a - +0 shortbow
rCold   + . .        (shield currently unavailable)
rNeg    + . .        b - +2 robe {rC+}
rPois   .            (no helmet)
rElec   .            (no cloak)
rCorr   .            (no gloves)
SInv    .            c - +0 pair of boots
Will    .....        d - amulet of reflection
Stlth   ++           g - ring of positive energy
HPRegen 0.26/turn    (no ring)
MPRegen 0.12/turn

%: reflection
@: no status effects
A: no striking features
a: Renounce Religion, Heroism


You were on level 5 of the Dungeon.
You worshipped Okawaru.
Okawaru was aware of your devotion.
You visited 1 branch of the dungeon, and saw 5 of its levels.

You collected 241 gold pieces.


   Skills:
 - Level 2.0 Fighting
 + Level 10.3 Ranged Weapons
 - Level 4.4 Dodging
 - Level 1.2 Stealth
 + Level 3.0 Invocations


You had 6 spell levels left.
You didn't know any spells.
Your spell library was empty.

Inventory:

Hand Weapons
 a - a +0 shortbow (weapon)
Armour
 b - a +2 robe of cold resistance (worn)
 c - a +0 pair of boots (worn)
 m - a +0 ring mail
 o - a +0 pair of gloves
Jewellery
 d - an amulet of reflection (around neck)
 g - a ring of positive energy (left hand)
Wands
 n - a wand of mindburst (11)
 p - a wand of iceblast (8)
Scrolls
 f - a scroll of teleportation {unknown}
 h - a scroll of revelation {unknown}
Potions
 e - 2 potions of curing
 i - 2 potions of resistance {unknown}
 j - 2 potions of might
 k - a potion of lignification {unknown}
 l - a potion of brilliance {unknown}

Dungeon Overview and Level Annotations

Branches:
Dungeon (5/15)             Temple (0/1) D:4

Altars:
Dithmenos
Fedhas
Hepliaklqana
Kikubaaqudgha
Okawaru
Vehumet
Xom
Yredelemnul

Shops:
D:3 =   D:5 (


Message History

The arrow completely misses the orc priest.
The orc priest hits you with a +0 hand axe.
You shoot an arrow. The arrow hits the orc priest.
The orc priest is heavily wounded.
You block the orc priest's attack.
You shoot an arrow. The arrow barely misses the orc priest.
An orc comes into view. It is wielding a +0 dagger.
The orc priest hits you with a +0 hand axe.
You shoot an arrow.
The arrow completely misses the orc priest.
You shoot an arrow. The arrow hits the orc.
The orc is lightly wounded.
You shoot an arrow. The arrow closely misses the orc.
The orc hits you but does no damage.
The orc priest calls upon Beogh to heal the orc.
The orc's wounds heal themselves!
You shoot an arrow. The arrow hits the orc.
The orc is moderately wounded.
The orc misses you.
The orc priest calls down the wrath of Beogh upon you.
Beogh smites you!
You shoot an arrow. The arrow hits the orc.
The orc is heavily wounded.
You shoot an arrow.
The arrow hits the orc but does no damage.
The orc is heavily wounded.
An orc wizard comes into view. It is wielding a +0 dagger.
You shoot an arrow. The arrow hits the orc priest.
The orc priest is severely wounded.
The orc closely misses you.
The orc priest hits you with a +0 hand axe.
You shoot an arrow.
The arrow closely misses the orc priest.
The orc closely misses you. The orc priest barely misses you.
You shoot an arrow. The arrow hits the orc priest.
The orc priest is almost dead.
The orc hits you with a +0 dagger.
The orc priest invokes the aid of Beogh against you.
Beogh smites you!
You die...

#.# #.# ##.# #..#
#.## ###.## #....#
#.#..# #!#.@# #
#.ooo.....
##.##.#### #..# #.#
# ..# #.# ..# ..#
..# ##############.#
#.......##...#.# ###
#.#####.##.#.#.###.#


You could see an orc priest, an orc wizard and an orc.

Vanquished Creatures
  An orc warrior (D:5)
  A centaur (D:5)
  A scorpion (D:5)
  A bombardier beetle (D:4)
  A quasit (D:5)
  2 hounds (D:4)
  An orc priest (D:3)
  A gnoll bouda (D:4)
  Jessica (D:3)
  Terence (D:2)
  2 orc wizards
  5 gnolls (D:4)
  3 adders
  A shadow imp (D:5)
  A dart slug (D:5)
  10 orcs
  4 ball pythons
  7 endoplasms
  8 giant cockroaches
  9 goblins
  8 hobgoblins
  7 kobolds
  2 quokkas
  3 bats
  5 frilled lizards
  4 rats
90 creatures vanquished.

Vanquished Creatures (others)
  An orc wizard (D:5)
1 creature vanquished.

Grand Total: 91 creatures vanquished

Notes
Turn   | Place    | Note
-------+----------+-------------------------------------------
     0 | D:1      | qw the Deep Elf Hunter began the quest for the Orb.
     0 | D:1      | Reached XP level 1. HP: 12/12 MP: 3/3
     0 | D:1      | 0 ||| qw: Version: 0.3-a-155-g5e7d8dd
     0 | D:1      | 0 ||| qw: Game counter: 3339
     0 | D:1      | 0 ||| qw: Melee chars always use a shield: true
     0 | D:1      | 0 ||| qw: God list: Okawaru
     0 | D:1      | 0 ||| qw: Allow faded altars: false
     0 | D:1      | 0 ||| qw: Do Orc after clearing Dungeon:15 true
     0 | D:1      | 0 ||| qw: Do second Lair branch before Depths: true
     0 | D:1      | 0 ||| qw: Lair rune preference: random
     0 | D:1      | 0 ||| qw: Goals: Normal
     0 | D:1      | 0 ||| PLANNING D:1-11
   102 | D:1      | 102 ||| RETREEEEATING.
   110 | D:1      | Reached skill level 6 in Ranged Weapons
   110 | D:1      | Reached XP level 2. HP: 14/16 MP: 4/4
   642 | D:1      | 642 ||| UPGRADING to amulet of regeneration.
   647 | D:1      | 647 ||| UPGRADING to ring of positive energy.
   648 | D:1      | 648 ||| DROPPING ring of wizardry.
   649 | D:1      | 649 ||| READING scroll labelled EXZIAHIOSM.
   650 | D:1      | 650 ||| READING scroll labelled DETZOSELOMY.
   650 | D:1      | 650 ||| IDENTIFYING green potion
   651 | D:1      | 651 ||| DRINKING 2 blue potions.
   652 | D:1      | 652 ||| DROPPING scroll of butterflies.
   653 | D:1      | 653 ||| DROPPING potion of berserk rage.
   746 | D:2      | Reached XP level 3. HP: 20/20 MP: 5/5
   759 | D:2      | Found a shimmering altar of Xom.
   852 | D:2      | Found a faded altar of an unknown god.
   930 | D:2      | Noticed Terence
   938 | D:2      | Killed Terence
   939 | D:2      | Reached skill level 7 in Ranged Weapons
  1196 | D:2      | 1196 ||| DROPPING scarf of shadows.
  1197 | D:2      | 1197 ||| UPGRADING to +0 scale mail.
  1207 | D:2      | 1207 ||| DROPPING +0 leather armour.
  1208 | D:2      | 1208 ||| UPGRADING to amulet of reflection.
  1218 | D:2      | 1218 ||| DROPPING amulet of regeneration.
  1219 | D:2      | 1219 ||| DRINKING 3 inky potions.
  1255 | D:3      | Found a shadowy altar of Dithmenos.
  1255 | D:3      | Noticed Jessica
  1259 | D:3      | Killed Jessica
  1260 | D:3      | Reached XP level 4. HP: 25/25 MP: 6/6
  1568 | D:3      | Found an iron altar of Okawaru.
  1568 | D:3      | Found a basalt altar of Yredelemnul.
  1569 | D:3      | 1569 ||| PLANNING OKAWARU WORSHIP
  1569 | D:3      | 1569 ||| UPGRADING to +2 robe of cold resistance.
  1579 | D:3      | 1579 ||| UPGRADING to +0 pair of boots.
  1584 | D:3      | 1584 ||| DROPPING +0 scale mail.
  1588 | D:3      | Became a worshipper of Warmaster Okawaru
  1589 | D:3      | 1589 ||| PLANNING D:1-11
  1590 | D:3      | Found a shimmering altar of Xom.
  1593 | D:3      | Found a radiant altar of Vehumet.
  1595 | D:3      | Found an ancient bone altar of Kikubaaqudgha.
  1600 | D:3      | Found a hazy altar of Hepliaklqana.
  1745 | D:3      | Found Ugafuso's Jewellery Shop.
  1749 | D:3      | 1749 ||| SHOPLISTING ring of fire (300 gold, have 93).
  1749 | D:3      | 1749 ||| SHOPLISTING ring of ice (300 gold, have 93).
  1749 | D:3      | 1749 ||| SHOPLISTING ring of poison resistance (240 gold,
                  | have 93).
  1749 | D:3      | 1749 ||| SHOPLISTING ring of protection from fire (300
                  | gold, have 93).
  1756 | D:3      | Reached skill level 8 in Ranged Weapons
  1952 | D:3      | Reached skill level 3 in Dodging
  1955 | D:3      | Reached XP level 5. HP: 29/29 MP: 7/7
  2051 | D:3      | 2051 ||| READING scroll of identify.
  2051 | D:3      | 2051 ||| IDENTIFYING purple potion
  2052 | D:3      | 2052 ||| DROPPING potion of degeneration.
  2285 | D:4      | Found a staircase to the Ecumenical Temple.
  2718 | D:4      | Reached skill level 9 in Ranged Weapons
  2724 | D:4      | 2724 ||| FLEEEEING.
  2725 | D:4      | 2725 ||| FLEEEEING.
  2726 | D:4      | 2726 ||| FLEEEEING.
  2727 | D:4      | 2727 ||| FLEEEEING.
  2728 | D:4      | 2728 ||| FLEEEEING.
  2729 | D:4      | 2729 ||| FLEEEEING.
  2730 | D:4      | 2730 ||| FLEEEEING.
  2731 | D:4      | 2731 ||| FLEEEEING.
  2732 | D:4      | 2732 ||| FLEEEEING.
  2898 | D:4      | 2898 ||| RETREEEEATING.
  2901 | D:4      | 2901 ||| RETREEEEATING.
  2906 | D:4      | 2906 ||| RETREEEEATING.
  2911 | D:4      | Reached XP level 6. HP: 33/35 MP: 8/8
  3109 | D:4      | 3109 ||| READING scroll labelled ESUOKE XIYNK.
  3110 | D:4      | 3110 ||| READING scroll labelled TUSYNY MEIZAO.
  3111 | D:4      | 3111 ||| READING scroll labelled KOYPIE QOESUYW.
  3198 | D:5      | Entered Level 5 of the Dungeon
  3504 | D:5      | Found Hoorch's Antique Weapon Shoppe.
  3527 | D:5      | Reached * piety under Okawaru
  3528 | D:5      | Reached skill level 10 in Ranged Weapons
  3761 | D:5      | Found a blossoming altar of Fedhas.
  3767 | D:5      | Reached skill level 1 in Invocations
  3767 | D:5      | Reached XP level 7. HP: 15/40 MP: 8/10
  3934 | D:5      | 3934 ||| DRINKING 3 potions of curing.
  3934 | D:5      | 3934 ||| (to cure confusion)
  3947 | D:5      | Reached skill level 3 in Invocations
  4052 | D:5      | HP: 9/40 [orc/+0 dagger (2)]
  4052 | D:5      | Killed from afar by an orc priest

Levels and vault maps discovered:
D:1:      dpeg_cavernosity, layout_basic, hangedman_feature_mirror
D:2:      layout_basic, basic_altar, shapermc_ecumenical_altar_mp_highgroup,
          uniq_terence
D:3:      layout_loops_corners, nicolae_dithmenos_through_a_glass_darkly,
          nicolae_overflow_hallway_of_the_gods, serial_shops,
          nicolae_shop_pleasant_corner_grove, uniq_jessica
D:4:      layout_basic, lemuel_temple_firewalk_a
D:5:      layout_loops_corners, fedhas_bush_and_centaur_altar, serial_shops,
          shop, serial_demonic, serial_demonic_a, serial_demonic_c,
          serial_demonic_g, serial_demonic_a

Skill      XL: |  1  2  3  4  5  6  7 |
---------------+----------------------+-----
Ranged Weapons | 6 7 8 9 10 | 10.3
Dodging        | 3 4 |  4.4
Fighting       | 2 |  2.0
Invocations    | 1 3 |  3.0
Stealth        | |  1.2

Action                     |  1- 3 |  4- 6 |  7- 9 || total
---------------------------+-------+-------+-------++-------
   Fire: Shortbow          |    82 |   181 |    50 ||   313
    Use: Scroll            |     2 |     4 |       ||     6
         Potion            |     2 |       |     1 ||     3
 Armour: Leather armour    |     7 |       |       ||     7
         Robe              |       |    29 |    18 ||    47
  Dodge: Dodged            |    12 |    45 |    10 ||    67
  Block: Other             |       |    17 |     6 ||    23
         Reflection        |       |     1 |       ||     1

Table legend:
 A = Non-vault XP
 B = Vault XP
 C = Vault XP percentage of total XP
 D = Non-vault monster count
 E = Vault monster count
 F = Vault count percentage of total count
                 A         B        C        D         E       F
            +---------+---------+-------+---------+---------+-------
      Total |     768 |     247 |  24.3 |      82 |       9 |   9.9
            +---------+---------+-------+---------+---------+-------
        D:1 |      33 |       5 |  13.2 |      20 |       4 |  16.7
        D:2 |      20 |      36 |  64.3 |      12 |       1 |   7.7
        D:3 |      68 |      37 |  35.2 |      15 |       1 |   6.2
        D:4 |     326 |       0 |   0.0 |      26 |       0 |   0.0
        D:5 |     321 |     169 |  34.5 |       9 |       3 |  25.0
            +---------+---------+-------+---------+---------+-------
